Wild vs BlueJackets

Created - January 25 2008 at 20:32

Goals
1 2 3 OT1 SO T
Wild 1 1 1 0 0 3
BlueJackets 2 0 1 0 1 4
Shots
1 2 3 OT1 SO T
Wild 12 12 5 1 3 30
BlueJackets 14 10 2 2 3 28

Period #1

1. Wild , Mathieu Schneider 8 (Olli Jokinen) at 1:19
2. BlueJackets , Martin St. Louis 24 (Anze Kopitar) at 9:20 (PP)
3. BlueJackets , Nick Schultz 4 (Martin St. Louis, Niklas Backstrom) at 12:05 (PP)

Penalties :
Brian Rolston (MIN) for Roughing (Minor) at 3:12, Duncan Keith (MIN) for Hooking (Minor) at 6:11, Olli Jokinen (MIN) for Hooking (Minor) at 9:12, Joe Sakic (MIN) for Interference (Minor) at 10:57, Jozef Stumpel (MIN) for Roughing (Minor) at 19:07

Period #2

4. Wild , Marian Gaborik 23 (Joe Sakic, Jozef Stumpel) at 14:02 (PP)

Penalties :
Duncan Keith (MIN) for Hooking (Minor) at 1:22, Michal Rozsival (MIN) for Hooking (Minor) at 4:55, Nick Schultz (CBJ) for Boarding (Major) at 11:20

Period #3

5. BlueJackets , Patrick Marleau 26 (Christian Ehrhoff, Teemu Selanne) at 13:11 (PP)
6. Wild , Brian Rolston 18 (Mathieu Schneider, Sean Hill) at 18:21 (PP)

Penalties :
Brian Rolston (MIN) for Holding (Minor) at 2:06, Marian Gaborik (MIN) for Slashing (Minor) at 8:04, Dan Girardi (CBJ) for Roughing (Minor) at 10:10, Niclas Havelid (MIN) for Tripping (Minor) at 12:24, Alain Nasreddine (CBJ) for Interference (Minor) at 18:01

Overtime #1

No Goal

Penalties :
No Penalty

Shootout

Penalty Shot by Marian Gaborik for Wild - Shot Misses the Net
Penalty Shot by Teemu Selanne for BlueJackets - Stopped by Manny Fernandez
Penalty Shot by Brian Rolston for Wild - Shot Misses the Net
Penalty Shot by Patrick Marleau for BlueJackets - Stopped by Manny Fernandez
Penalty Shot by Joe Sakic for Wild - Stopped by Niklas Backstrom
Penalty Shot by Martin St. Louis for BlueJackets - Goal!

Penalties :
No Penalty

Goalie Stats

Manny Fernandez (MIN), 25 saves from 28 shots - (0.893), OTL, 5-9-2, 65:00 minutes
Niklas Backstrom (CBJ), 27 saves from 30 shots - (0.900), W, 18-20-4, 65:00 minutes

Players Stats

Wild
Player Name              G  A  P  +/- PIM S  H  SB FO MP 
-----------------------------------------------------------
Brian Rolston            1  0  1   1  4   5  0  0  0  23 
Chris Higgins            0  0  0   1  0   1  1  0  0  16 
Chris Simon              0  0  0   0  0   1  3  1  1  17 
Duncan Keith             0  0  0   0  4   0  3  0  0  23 
Joe Sakic                0  1  1   0  2   3  0  0  21 19 
Jozef Stumpel            0  1  1   0  2   2  2  2  2  22 
Kurtis Foster            0  0  0   0  0   0  0  0  0  1  
Marian Gaborik           1  0  1   0  2   5  0  0  1  19 
Mathieu Schneider        1  1  2   1  0   2  0  2  0  20 
Michal Rozsival          0  0  0   0  2   1  0  2  0  24 
Mikael Samuelsson        0  0  0   0  0   0  1  0  1  16 
Niclas Havelid           0  0  0   0  2   0  2  0  0  16 
Olli Jokinen             0  1  1   1  2   5  2  0  34 24 
Patrick Rissmiller       0  0  0   0  0   0  0  0  0  2  
Philippe Boucher         0  0  0   0  0   2  2  0  0  27 
Rod Brind'Amour          0  0  0   0  0   2  1  1  24 26 
Sean Hill                0  1  1   1  0   1  3  1  0  24 
Wes Walz                 0  0  0   0  0   0  0  0  0  2  
BlueJackets
Player Name              G  A  P  +/- PIM S  H  SB FO MP 
-----------------------------------------------------------
Alain Nasreddine         0  0  0   0  2   0  0  0  0  15 
Alexander Svitov         0  0  0   0  0   0  1  0  3  7  
Anze Kopitar             0  1  1  -1  0   6  2  0  22 20 
Brent Burns              0  0  0  -1  0   0  0  1  0  25 
Christian Ehrhoff        0  1  1   0  0   0  0  5  0  26 
Dan Fritsche             0  0  0   0  0   1  0  0  0  4  
Dan Girardi              0  0  0   0  2   0  1  1  0  18 
Erik Christensen         0  0  0   0  0   0  0  0  3  10 
Fredrik Modin            0  0  0  -1  0   1  1  0  2  22 
Jason Chimera            0  0  0   0  0   0  0  0  0  5  
Jason Smith              0  0  0   0  0   1  1  4  0  26 
Martin St. Louis         1  1  2  -1  0   9  1  0  13 25 
Mike Grier               0  0  0   0  0   0  0  0  1  15 
Nick Schultz             1  0  1  -1  5   2  1  0  0  23 
Patrick Marleau          1  0  1   0  0   4  1  0  21 24 
Steve Rucchin            0  0  0   0  0   1  0  0  9  15 
Teemu Selanne            0  1  1   0  0   2  1  0  6  25 
Vyacheslav Kozlov        0  0  0   0  0   1  1  0  4  26 

3 Stars

1 - Mathieu Schneider (MIN)
2 - Martin St. Louis (CBJ)
3 - Brian Rolston (MIN)

Power Play

Wild - 2 on 3 Attempt(s) - 66.67%
BlueJackets - 3 on 10 Attempt(s) - 30.00%

Penalty Kill

Wild - 7 on 10 Attempt(s) - 70.00% - Score 0 goal in Penalty Kill
BlueJackets - 1 on 3 Attempt(s) - 33.33% - Score 0 goal in Penalty Kill

Game Notes

Michal Rozsival is injured at 3:11 of 1st overtime period (Fractured Bone in Right Hand)

Finance

Level 1 -- Attendance: 5333 (88.88%) -- Ticket Income $479,970.00
Level 2 -- Attendance: 3868 (73.68%) -- Ticket Income $193,400.00
Level 3 -- Attendance: 1709 (75.96%) -- Ticket Income $42,725.00
Level 4 -- Attendance: 3991 (99.78%) -- Ticket Income $39,910.00
Luxury Box -- Attendance: 668 (66.80%) -- Ticket Income $133,600.00
Game was played at the Nationwide Arena
Total Attendance: 15569 (84.16%)
Total Ticket Income: $955,485.10
Other Income: $151,602.60
Total Income: $1,107,088.00


Play by Play

Period #1

0:01 of 1st period - Joe Sakic wins face-off versus Patrick Marleau in neutral zone.
0:04 of 1st period - Shot by Philippe Boucher.
0:04 of 1st period - Stopped by Niklas Backstrom without a rebound.
0:05 of 1st period - Olli Jokinen wins face-off versus Anze Kopitar in BlueJackets zone.
0:22 of 1st period - Shot by Olli Jokinen.
0:22 of 1st period - Stopped by Niklas Backstrom without a rebound.
0:23 of 1st period - Joe Sakic wins face-off versus Patrick Marleau in BlueJackets zone.
0:43 of 1st period - Shot by Marian Gaborik.
0:43 of 1st period - Stopped by Niklas Backstrom with a rebound.
0:47 of 1st period - Shot by Joe Sakic.
0:47 of 1st period - Shot Blocked by Christian Ehrhoff.
1:07 of 1st period - Shot by Joe Sakic.
1:07 of 1st period - Stopped by Niklas Backstrom without a rebound.
1:08 of 1st period - Anze Kopitar wins face-off versus Olli Jokinen in BlueJackets zone.
1:08 of 1st period - Anze Kopitar is hit by Chris Higgins.
1:19 of 1st period - Shot by Mathieu Schneider.
1:19 of 1st period - Goal by Mathieu Schneider - Wild : 1 - BlueJackets : 0.
1:20 of 1st period - Steve Rucchin wins face-off versus Rod Brind'Amour in neutral zone.
1:20 of 1st period - Steve Rucchin is hit by Chris Simon.
1:56 of 1st period - Shot by Mikael Samuelsson.
1:56 of 1st period - Deflect By Rod Brind'Amour.
1:56 of 1st period - Shot Misses the Net.
1:58 of 1st period - Shot by Chris Simon.
1:58 of 1st period - Stopped by Niklas Backstrom without a rebound.
1:59 of 1st period - Martin St. Louis wins face-off versus Olli Jokinen in BlueJackets zone.
2:22 of 1st period - Shot by Anze Kopitar.
2:22 of 1st period - Stopped by Manny Fernandez without a rebound.
2:23 of 1st period - Joe Sakic wins face-off versus Patrick Marleau in Wild zone.
3:01 of 1st period - Shot by Joe Sakic.
3:01 of 1st period - Shot Misses the Net.
3:03 of 1st period - Shot by Philippe Boucher.
3:03 of 1st period - Shot Misses the Net.
3:05 of 1st period - Shot by Marian Gaborik.
3:05 of 1st period - Shot Misses the Net.
3:12 of 1st period - Minor Penalty to Brian Rolston for Roughing.
3:13 of 1st period - Rod Brind'Amour wins face-off versus Anze Kopitar in BlueJackets zone.
3:36 of 1st period - Shot by Martin St. Louis.
3:36 of 1st period - Stopped by Manny Fernandez without a rebound.
3:37 of 1st period - Rod Brind'Amour wins face-off versus Anze Kopitar in Wild zone.
4:02 of 1st period - Shot by Anze Kopitar.
4:02 of 1st period - Stopped by Manny Fernandez without a rebound.
4:03 of 1st period - Jozef Stumpel wins face-off versus Patrick Marleau in Wild zone.
5:13 of 1st period - Brent Burns is hit by Sean Hill and loses puck.
6:11 of 1st period - Minor Penalty to Duncan Keith for Hooking.
6:12 of 1st period - Joe Sakic wins face-off versus Anze Kopitar in Wild zone.
6:43 of 1st period - Shot by Anze Kopitar.
6:43 of 1st period - Stopped by Manny Fernandez without a rebound.
6:44 of 1st period - Rod Brind'Amour wins face-off versus Patrick Marleau in Wild zone.
7:04 of 1st period - Off-side.
7:05 of 1st period - Anze Kopitar wins face-off versus Rod Brind'Amour in neutral zone.
7:24 of 1st period - Shot by Martin St. Louis.
7:24 of 1st period - Stopped by Manny Fernandez without a rebound.
7:25 of 1st period - Patrick Marleau wins face-off versus Rod Brind'Amour in Wild zone.
7:48 of 1st period - Shot by Patrick Marleau.
7:48 of 1st period - Stopped by Manny Fernandez without a rebound.
7:49 of 1st period - Anze Kopitar wins face-off versus Olli Jokinen in Wild zone.
8:18 of 1st period - Jason Smith is hit by Chris Simon and loses puck.
8:33 of 1st period - Shot by Rod Brind'Amour.
8:33 of 1st period - Stopped by Niklas Backstrom without a rebound.
8:34 of 1st period - Steve Rucchin wins face-off versus Joe Sakic in BlueJackets zone.
9:12 of 1st period - Minor Penalty to Olli Jokinen for Hooking.
9:13 of 1st period - Anze Kopitar wins face-off versus Rod Brind'Amour in BlueJackets zone.
9:20 of 1st period - Shot by Martin St. Louis.
9:20 of 1st period - Goal by Martin St. Louis - Wild : 1 - BlueJackets : 1.
9:21 of 1st period - Olli Jokinen wins face-off versus Erik Christensen in neutral zone.
9:37 of 1st period - Shot by Olli Jokinen.
9:37 of 1st period - Deflect By Brian Rolston.
9:37 of 1st period - Shot Blocked by Jason Smith.
9:41 of 1st period - Shot by Chris Higgins.
9:41 of 1st period - Deflect By Olli Jokinen.
9:41 of 1st period - Shot Misses the Net.
9:51 of 1st period - Shot by Brian Rolston.
9:51 of 1st period - Shot Misses the Net.
9:53 of 1st period - Shot by Olli Jokinen.
9:53 of 1st period - Shot Misses the Net.
9:59 of 1st period - Shot by Chris Higgins.
9:59 of 1st period - Shot Misses the Net.
10:01 of 1st period - Shot by Mathieu Schneider.
10:01 of 1st period - Stopped by Niklas Backstrom without a rebound.
10:02 of 1st period - Anze Kopitar wins face-off versus Chris Simon in BlueJackets zone.
10:02 of 1st period - Anze Kopitar is hit by Rod Brind'Amour.
10:31 of 1st period - Shot by Anze Kopitar.
10:31 of 1st period - Stopped by Manny Fernandez with a rebound.
10:33 of 1st period - Shot by Martin St. Louis.
10:33 of 1st period - Stopped by Manny Fernandez without a rebound.
10:34 of 1st period - Joe Sakic wins face-off versus Steve Rucchin in Wild zone.
10:57 of 1st period - Minor Penalty to Joe Sakic for Interference.
10:58 of 1st period - Patrick Marleau wins face-off versus Rod Brind'Amour in neutral zone.
11:49 of 1st period - Icing by Fredrik Modin.
11:50 of 1st period - Olli Jokinen wins face-off versus Anze Kopitar in BlueJackets zone.
11:53 of 1st period - Shot by Philippe Boucher.
11:53 of 1st period - Shot Misses the Net.
11:55 of 1st period - Shot by Olli Jokinen.
11:55 of 1st period - Shot Blocked by Brent Burns.
12:05 of 1st period - Shot by Nick Schultz.
12:05 of 1st period - Goal by Nick Schultz - Wild : 1 - BlueJackets : 2.
12:06 of 1st period - Alexander Svitov wins face-off versus Rod Brind'Amour in neutral zone.
12:18 of 1st period - Shot by Rod Brind'Amour.
12:18 of 1st period - Shot Misses the Net.
12:26 of 1st period - Shot by Mikael Samuelsson.
12:26 of 1st period - Shot Misses the Net.
12:30 of 1st period - Shot by Rod Brind'Amour.
12:30 of 1st period - Stopped by Niklas Backstrom with a rebound.
13:48 of 1st period - Shot by Martin St. Louis.
13:48 of 1st period - Stopped by Manny Fernandez with a rebound.
14:16 of 1st period - Shot by Marian Gaborik.
14:16 of 1st period - Stopped by Niklas Backstrom without a rebound.
14:17 of 1st period - Rod Brind'Amour wins face-off versus Erik Christensen in BlueJackets zone.
15:19 of 1st period - Shot by Steve Rucchin.
15:19 of 1st period - Stopped by Manny Fernandez without a rebound.
15:20 of 1st period - Joe Sakic wins face-off versus Anze Kopitar in Wild zone.
15:50 of 1st period - Off-side.
15:51 of 1st period - Olli Jokinen wins face-off versus Steve Rucchin in neutral zone.
16:13 of 1st period - Chris Higgins is hit by Dan Girardi and loses puck.
17:02 of 1st period - Shot by Anze Kopitar.
17:02 of 1st period - Stopped by Manny Fernandez with a rebound.
17:11 of 1st period - Icing by Sean Hill.
17:12 of 1st period - Patrick Marleau wins face-off versus Olli Jokinen in Wild zone.
17:33 of 1st period - Shot by Marian Gaborik.
17:33 of 1st period - Shot Blocked by Christian Ehrhoff.
17:37 of 1st period - Shot by Marian Gaborik.
17:37 of 1st period - Shot Misses the Net.
17:39 of 1st period - Shot by Joe Sakic.
17:39 of 1st period - Stopped by Niklas Backstrom with a rebound.
17:41 of 1st period - Shot by Jozef Stumpel.
17:41 of 1st period - Shot Misses the Net.
17:45 of 1st period - Shot by Marian Gaborik.
17:45 of 1st period - Deflect By Joe Sakic.
17:45 of 1st period - Shot Misses the Net.
17:47 of 1st period - Shot by Marian Gaborik.
17:47 of 1st period - Shot Blocked by Christian Ehrhoff.
17:49 of 1st period - Shot by Jozef Stumpel.
17:49 of 1st period - Shot Blocked by Jason Smith.
17:51 of 1st period - Shot by Marian Gaborik.
17:51 of 1st period - Stopped by Niklas Backstrom without a rebound.
17:52 of 1st period - Rod Brind'Amour wins face-off versus Steve Rucchin in BlueJackets zone.
18:53 of 1st period - Marian Gaborik is hit by Martin St. Louis and loses puck.
19:07 of 1st period - Minor Penalty to Jozef Stumpel for Roughing.
19:08 of 1st period - Olli Jokinen wins face-off versus Patrick Marleau in BlueJackets zone.
19:17 of 1st period - Shot by Patrick Marleau.
19:17 of 1st period - Shot Misses the Net.
19:19 of 1st period - Shot by Christian Ehrhoff.
19:19 of 1st period - Shot Misses the Net.
19:23 of 1st period - Shot by Patrick Marleau.
19:23 of 1st period - Stopped by Manny Fernandez without a rebound.
19:24 of 1st period - Marian Gaborik wins face-off versus Anze Kopitar in Wild zone.

Period #2

0:01 of 2nd period - Patrick Marleau wins face-off versus Olli Jokinen in neutral zone.
0:32 of 2nd period - Shot by Teemu Selanne.
0:32 of 2nd period - Shot Misses the Net.
0:36 of 2nd period - Shot by Teemu Selanne.
0:36 of 2nd period - Shot Misses the Net.
1:12 of 2nd period - Steve Rucchin is hit by Niclas Havelid and loses puck.
1:21 of 2nd period - Shot by Steve Rucchin.
1:21 of 2nd period - Shot Misses the Net.
1:22 of 2nd period - Minor Penalty to Duncan Keith for Hooking.
1:23 of 2nd period - Anze Kopitar wins face-off versus Olli Jokinen in Wild zone.
1:24 of 2nd period - Shot by Martin St. Louis.
1:24 of 2nd period - Stopped by Manny Fernandez without a rebound.
1:25 of 2nd period - Olli Jokinen wins face-off versus Fredrik Modin in Wild zone.
1:35 of 2nd period - Icing by Nick Schultz.
1:36 of 2nd period - Anze Kopitar wins face-off versus Rod Brind'Amour in BlueJackets zone.
2:15 of 2nd period - Shot by Martin St. Louis.
2:15 of 2nd period - Stopped by Manny Fernandez without a rebound.
2:16 of 2nd period - Vyacheslav Kozlov wins face-off versus Olli Jokinen in Wild zone.
2:40 of 2nd period - Icing by Patrick Marleau.
2:41 of 2nd period - Olli Jokinen wins face-off versus Patrick Marleau in BlueJackets zone.
2:44 of 2nd period - Shot by Olli Jokinen.
2:44 of 2nd period - Shot Misses the Net.
2:46 of 2nd period - Shot by Michal Rozsival.
2:46 of 2nd period - Stopped by Niklas Backstrom with a rebound.
4:16 of 2nd period - Icing by Christian Ehrhoff.
4:17 of 2nd period - Alexander Svitov wins face-off versus Olli Jokinen in BlueJackets zone.
4:26 of 2nd period - Shot by Brian Rolston.
4:26 of 2nd period - Stopped by Niklas Backstrom without a rebound.
4:27 of 2nd period - Anze Kopitar wins face-off versus Joe Sakic in BlueJackets zone.
4:52 of 2nd period - Shot by Martin St. Louis.
4:52 of 2nd period - Shot Blocked by Jozef Stumpel.
4:54 of 2nd period - Shot by Fredrik Modin.
4:54 of 2nd period - Shot Blocked by Michal Rozsival.
4:55 of 2nd period - Minor Penalty to Michal Rozsival for Hooking.
4:56 of 2nd period - Patrick Marleau wins face-off versus Joe Sakic in Wild zone.
5:14 of 2nd period - Teemu Selanne is hit by Jozef Stumpel and loses puck.
5:22 of 2nd period - Icing by Vyacheslav Kozlov.
5:23 of 2nd period - Olli Jokinen wins face-off versus Patrick Marleau in BlueJackets zone.
5:31 of 2nd period - Off-side.
5:32 of 2nd period - Anze Kopitar wins face-off versus Rod Brind'Amour in neutral zone.
6:05 of 2nd period - Shot by Martin St. Louis.
6:05 of 2nd period - Stopped by Manny Fernandez without a rebound.
6:06 of 2nd period - Patrick Marleau wins face-off versus Olli Jokinen in Wild zone.
6:09 of 2nd period - Shot by Teemu Selanne.
6:09 of 2nd period - Stopped by Manny Fernandez without a rebound.
6:10 of 2nd period - Olli Jokinen wins face-off versus Patrick Marleau in Wild zone.
6:29 of 2nd period - Shot by Vyacheslav Kozlov.
6:29 of 2nd period - Shot Misses the Net.
6:33 of 2nd period - Shot by Patrick Marleau.
6:33 of 2nd period - Deflect By Vyacheslav Kozlov.
6:33 of 2nd period - Shot Misses the Net.
7:07 of 2nd period - Shot by Vyacheslav Kozlov.
7:07 of 2nd period - Shot Misses the Net.
7:11 of 2nd period - Shot by Vyacheslav Kozlov.
7:11 of 2nd period - Shot Blocked by Rod Brind'Amour.
8:01 of 2nd period - Shot by Martin St. Louis.
8:01 of 2nd period - Shot Misses the Net.
8:09 of 2nd period - Shot by Fredrik Modin.
8:09 of 2nd period - Deflect By Martin St. Louis.
8:09 of 2nd period - Shot Blocked by Sean Hill.
8:11 of 2nd period - Shot by Nick Schultz.
8:11 of 2nd period - Stopped by Manny Fernandez with a rebound.
8:13 of 2nd period - Shot by Anze Kopitar.
8:13 of 2nd period - Stopped by Manny Fernandez without a rebound.
8:14 of 2nd period - Joe Sakic wins face-off versus Teemu Selanne in Wild zone.
8:29 of 2nd period - Shot by Patrick Marleau.
8:29 of 2nd period - Shot Misses the Net.
8:33 of 2nd period - Shot by Teemu Selanne.
8:33 of 2nd period - Stopped by Manny Fernandez without a rebound.
8:34 of 2nd period - Anze Kopitar wins face-off versus Rod Brind'Amour in Wild zone.
8:41 of 2nd period - Shot by Fredrik Modin.
8:41 of 2nd period - Stopped by Manny Fernandez without a rebound.
8:42 of 2nd period - Joe Sakic wins face-off versus Martin St. Louis in Wild zone.
8:46 of 2nd period - Marian Gaborik is hit by Nick Schultz and loses puck.
9:03 of 2nd period - Shot by Jozef Stumpel.
9:03 of 2nd period - Stopped by Niklas Backstrom without a rebound.
9:04 of 2nd period - Mikael Samuelsson wins face-off versus Patrick Marleau in BlueJackets zone.
10:05 of 2nd period - Shot by Vyacheslav Kozlov.
10:05 of 2nd period - Stopped by Manny Fernandez with a rebound.
10:23 of 2nd period - Shot by Vyacheslav Kozlov.
10:23 of 2nd period - Shot Misses the Net.
11:20 of 2nd period - Major Penalty to Nick Schultz for Boarding.
11:21 of 2nd period - Olli Jokinen wins face-off versus Teemu Selanne in BlueJackets zone.
11:30 of 2nd period - Shot by Mathieu Schneider.
11:30 of 2nd period - Shot Misses the Net.
11:42 of 2nd period - Shot by Brian Rolston.
11:42 of 2nd period - Shot Blocked by Jason Smith.
11:46 of 2nd period - Shot by Mathieu Schneider.
11:46 of 2nd period - Deflect By Olli Jokinen.
11:46 of 2nd period - Stopped by Niklas Backstrom with a rebound.
11:48 of 2nd period - Shot by Olli Jokinen.
11:48 of 2nd period - Shot Blocked by Christian Ehrhoff.
11:50 of 2nd period - Shot by Brian Rolston.
11:50 of 2nd period - Shot Misses the Net.
11:52 of 2nd period - Shot by Brian Rolston.
11:52 of 2nd period - Deflect By Olli Jokinen.
11:52 of 2nd period - Stopped by Niklas Backstrom with a rebound.
11:58 of 2nd period - Shot by Brian Rolston.
11:58 of 2nd period - Shot Blocked by Jason Smith.
12:00 of 2nd period - Shot by Sean Hill.
12:00 of 2nd period - Shot Blocked by Christian Ehrhoff.
12:02 of 2nd period - Shot by Mathieu Schneider.
12:02 of 2nd period - Shot Misses the Net.
12:04 of 2nd period - Shot by Sean Hill.
12:04 of 2nd period - Stopped by Niklas Backstrom without a rebound.
12:05 of 2nd period - Martin St. Louis wins face-off versus Joe Sakic in BlueJackets zone.
12:11 of 2nd period - Icing by Jozef Stumpel.
12:12 of 2nd period - Joe Sakic wins face-off versus Martin St. Louis in Wild zone.
12:20 of 2nd period - Off-side.
12:21 of 2nd period - Martin St. Louis wins face-off versus Joe Sakic in neutral zone.
13:10 of 2nd period - Shot by Chris Higgins.
13:10 of 2nd period - Shot Misses the Net.
13:30 of 2nd period - Shot by Chris Higgins.
13:30 of 2nd period - Stopped by Niklas Backstrom with a rebound.
14:02 of 2nd period - Shot by Marian Gaborik.
14:02 of 2nd period - Goal by Marian Gaborik - Wild : 2 - BlueJackets : 2.
14:03 of 2nd period - Olli Jokinen wins face-off versus Teemu Selanne in neutral zone.
14:31 of 2nd period - Shot by Brian Rolston.
14:31 of 2nd period - Stopped by Niklas Backstrom without a rebound.
14:32 of 2nd period - Joe Sakic wins face-off versus Martin St. Louis in BlueJackets zone.
14:55 of 2nd period - Shot by Marian Gaborik.
14:55 of 2nd period - Shot Blocked by Dan Girardi.
14:57 of 2nd period - Shot by Philippe Boucher.
14:57 of 2nd period - Stopped by Niklas Backstrom without a rebound.
14:58 of 2nd period - Rod Brind'Amour wins face-off versus Teemu Selanne in BlueJackets zone.
16:41 of 2nd period - Shot by Jozef Stumpel.
16:41 of 2nd period - Shot Misses the Net.
16:47 of 2nd period - Shot by Joe Sakic.
16:47 of 2nd period - Deflect By Jozef Stumpel.
16:47 of 2nd period - Stopped by Niklas Backstrom without a rebound.
16:48 of 2nd period - Alexander Svitov wins face-off versus Rod Brind'Amour in BlueJackets zone.
16:59 of 2nd period - Shot by Dan Fritsche.
16:59 of 2nd period - Stopped by Manny Fernandez without a rebound.
17:00 of 2nd period - Anze Kopitar wins face-off versus Olli Jokinen in Wild zone.
17:56 of 2nd period - Icing by Niclas Havelid.
17:57 of 2nd period - Patrick Marleau wins face-off versus Rod Brind'Amour in Wild zone.
18:11 of 2nd period - Patrick Marleau is hit by Duncan Keith and loses puck.
18:15 of 2nd period - Patrick Marleau is hit by Duncan Keith and loses puck.
18:23 of 2nd period - Patrick Marleau is hit by Duncan Keith.
19:01 of 2nd period - Steve Rucchin is hit by Mikael Samuelsson and loses puck.
19:09 of 2nd period - Icing by Dan Girardi.
19:10 of 2nd period - Steve Rucchin wins face-off versus Jozef Stumpel in BlueJackets zone.
19:10 of 2nd period - Dan Girardi is hit by Philippe Boucher and loses puck.
19:34 of 2nd period - Shot by Marian Gaborik.
19:34 of 2nd period - Shot Misses the Net.
19:38 of 2nd period - Shot by Jozef Stumpel.
19:38 of 2nd period - Shot Misses the Net.
19:40 of 2nd period - Shot by Marian Gaborik.
19:40 of 2nd period - Stopped by Niklas Backstrom without a rebound.
19:41 of 2nd period - Olli Jokinen wins face-off versus Martin St. Louis in BlueJackets zone.

Period #3

0:01 of 3rd period - Joe Sakic wins face-off versus Patrick Marleau in neutral zone.
0:37 of 3rd period - Icing by Patrick Marleau.
0:38 of 3rd period - Patrick Marleau wins face-off versus Olli Jokinen in BlueJackets zone.
0:42 of 3rd period - Off-side.
0:43 of 3rd period - Rod Brind'Amour wins face-off versus Anze Kopitar in neutral zone.
0:43 of 3rd period - Rod Brind'Amour is hit by Fredrik Modin.
2:06 of 3rd period - Minor Penalty to Brian Rolston for Holding.
2:07 of 3rd period - Patrick Marleau wins face-off versus Olli Jokinen in neutral zone.
2:38 of 3rd period - Shot by Vyacheslav Kozlov.
2:38 of 3rd period - Shot Misses the Net.
2:56 of 3rd period - Rod Brind'Amour is hit by Vyacheslav Kozlov and loses puck.
3:41 of 3rd period - Michal Rozsival is hit by Anze Kopitar and loses puck.
5:04 of 3rd period - Mikael Samuelsson is hit by Alexander Svitov and loses puck.
5:15 of 3rd period - Shot by Alexander Svitov.
5:15 of 3rd period - Shot Blocked by Mathieu Schneider.
5:17 of 3rd period - Shot by Christian Ehrhoff.
5:17 of 3rd period - Shot Blocked by Chris Simon.
5:19 of 3rd period - Shot by Jason Smith.
5:19 of 3rd period - Stopped by Manny Fernandez without a rebound.
5:20 of 3rd period - Joe Sakic wins face-off versus Anze Kopitar in Wild zone.
5:25 of 3rd period - Shot by Joe Sakic.
5:25 of 3rd period - Shot Misses the Net.
6:30 of 3rd period - Icing by Vyacheslav Kozlov.
6:31 of 3rd period - Olli Jokinen wins face-off versus Steve Rucchin in BlueJackets zone.
6:34 of 3rd period - Shot by Olli Jokinen.
6:34 of 3rd period - Stopped by Niklas Backstrom without a rebound.
6:35 of 3rd period - Rod Brind'Amour wins face-off versus Erik Christensen in BlueJackets zone.
7:36 of 3rd period - Martin St. Louis is hit by Olli Jokinen and loses puck.
7:47 of 3rd period - Anze Kopitar is hit by Olli Jokinen and loses puck.
8:03 of 3rd period - Brent Burns is hit by Jozef Stumpel and loses puck.
8:04 of 3rd period - Minor Penalty to Marian Gaborik for Slashing.
8:05 of 3rd period - Olli Jokinen wins face-off versus Vyacheslav Kozlov in neutral zone.
8:19 of 3rd period - Teemu Selanne is hit by Philippe Boucher and loses puck.
8:28 of 3rd period - Shot by Vyacheslav Kozlov.
8:28 of 3rd period - Shot Misses the Net.
9:40 of 3rd period - Shot by Christian Ehrhoff.
9:40 of 3rd period - Shot Blocked by Jozef Stumpel.
10:08 of 3rd period - Alain Nasreddine is hit by Chris Simon and loses puck.
10:10 of 3rd period - Minor Penalty to Dan Girardi for Roughing.
10:11 of 3rd period - Joe Sakic wins face-off versus Teemu Selanne in BlueJackets zone.
10:40 of 3rd period - Shot by Joe Sakic.
10:40 of 3rd period - Stopped by Niklas Backstrom without a rebound.
10:41 of 3rd period - Olli Jokinen wins face-off versus Martin St. Louis in BlueJackets zone.
10:52 of 3rd period - Shot by Brian Rolston.
10:52 of 3rd period - Stopped by Niklas Backstrom without a rebound.
10:53 of 3rd period - Vyacheslav Kozlov wins face-off versus Olli Jokinen in BlueJackets zone.
10:59 of 3rd period - Icing by Brian Rolston.
11:00 of 3rd period - Martin St. Louis wins face-off versus Olli Jokinen in Wild zone.
11:48 of 3rd period - Icing by Joe Sakic.
11:49 of 3rd period - Martin St. Louis wins face-off versus Joe Sakic in Wild zone.
12:24 of 3rd period - Minor Penalty to Niclas Havelid for Tripping.
12:25 of 3rd period - Anze Kopitar wins face-off versus Rod Brind'Amour in Wild zone.
13:11 of 3rd period - Shot by Christian Ehrhoff.
13:11 of 3rd period - Deflect By Patrick Marleau.
13:11 of 3rd period - Goal by Patrick Marleau - Wild : 2 - BlueJackets : 3.
13:12 of 3rd period - Joe Sakic wins face-off versus Steve Rucchin in neutral zone.
14:29 of 3rd period - Shot by Olli Jokinen.
14:29 of 3rd period - Shot Misses the Net.
14:31 of 3rd period - Shot by Brian Rolston.
14:31 of 3rd period - Stopped by Niklas Backstrom without a rebound.
14:32 of 3rd period - Patrick Marleau wins face-off versus Olli Jokinen in BlueJackets zone.
14:32 of 3rd period - Patrick Marleau is hit by Sean Hill.
14:38 of 3rd period - Brian Rolston is hit by Teemu Selanne and loses puck.
15:04 of 3rd period - Icing by Sean Hill.
15:05 of 3rd period - Fredrik Modin wins face-off versus Olli Jokinen in Wild zone.
15:52 of 3rd period - Shot by Joe Sakic.
15:52 of 3rd period - Shot Misses the Net.
15:56 of 3rd period - Shot by Joe Sakic.
15:56 of 3rd period - Shot Misses the Net.
16:03 of 3rd period - Icing by Brent Burns.
16:04 of 3rd period - Rod Brind'Amour wins face-off versus Anze Kopitar in BlueJackets zone.
17:15 of 3rd period - Olli Jokinen is hit by Jason Smith and loses puck.
18:01 of 3rd period - Minor Penalty to Alain Nasreddine for Interference.
18:02 of 3rd period - Martin St. Louis wins face-off versus Olli Jokinen in BlueJackets zone.
18:02 of 3rd period - Martin St. Louis is hit by Sean Hill.
18:17 of 3rd period - Shot by Sean Hill.
18:17 of 3rd period - Shot Misses the Net.
18:21 of 3rd period - Shot by Brian Rolston.
18:21 of 3rd period - Goal by Brian Rolston - Wild : 3 - BlueJackets : 3.
18:22 of 3rd period - Rod Brind'Amour wins face-off versus Mike Grier in neutral zone.
18:48 of 3rd period - Steve Rucchin is hit by Niclas Havelid and loses puck.
19:06 of 3rd period - Icing by Alain Nasreddine.
19:07 of 3rd period - Joe Sakic wins face-off versus Steve Rucchin in BlueJackets zone.
19:55 of 3rd period - Marian Gaborik is hit by Anze Kopitar and loses puck.

Overtime #1

0:01 of 1st overtime period - Teemu Selanne wins face-off versus Olli Jokinen in neutral zone.
0:22 of 1st overtime period - Shot by Teemu Selanne.
0:22 of 1st overtime period - Shot Blocked by Michal Rozsival.
0:26 of 1st overtime period - Shot by Patrick Marleau.
0:26 of 1st overtime period - Shot Misses the Net.
0:36 of 1st overtime period - Shot by Patrick Marleau.
0:36 of 1st overtime period - Stopped by Manny Fernandez without a rebound.
0:37 of 1st overtime period - Vyacheslav Kozlov wins face-off versus Rod Brind'Amour in Wild zone.
0:42 of 1st overtime period - Shot by Vyacheslav Kozlov.
0:42 of 1st overtime period - Shot Blocked by Mathieu Schneider.
0:44 of 1st overtime period - Shot by Martin St. Louis.
0:44 of 1st overtime period - Shot Misses the Net.
0:46 of 1st overtime period - Shot by Martin St. Louis.
0:46 of 1st overtime period - Stopped by Manny Fernandez without a rebound.
0:47 of 1st overtime period - Rod Brind'Amour wins face-off versus Martin St. Louis in Wild zone.
2:26 of 1st overtime period - Shot by Olli Jokinen.
2:26 of 1st overtime period - Stopped by Niklas Backstrom with a rebound.
3:10 of 1st overtime period - Michal Rozsival is hit by Patrick Marleau and loses puck.
3:11 of 1st overtime period - Michal Rozsival from Wild is injured at 3:11 of 1st overtime period (Fractured Bone in Right Hand).
3:12 of 1st overtime period - Martin St. Louis wins face-off versus Olli Jokinen in Wild zone.
4:22 of 1st overtime period - Shot by Alexander Svitov.
4:22 of 1st overtime period - Shot Misses the Net.

ShootOut

ShootOut - Penalty Shot by Marian Gaborik for Wild.
ShootOut - Shot Misses the Net.
ShootOut - Penalty Shot by Teemu Selanne for BlueJackets.
ShootOut - Stopped by Manny Fernandez.
ShootOut - Penalty Shot by Brian Rolston for Wild.
ShootOut - Shot Misses the Net.
ShootOut - Penalty Shot by Patrick Marleau for BlueJackets.
ShootOut - Stopped by Manny Fernandez.
ShootOut - Penalty Shot by Joe Sakic for Wild.
ShootOut - Stopped by Niklas Backstrom.
ShootOut - Penalty Shot by Martin St. Louis for BlueJackets.
ShootOut - Goal by Martin St. Louis.


Output by the SimonT Hockey Simulator (STHS) for Stephane Roy -- Original Page W3C XHTML 1.0 Valid